 Dungeon Crawl Stone Soup version 0.25.0-8-gfd19cd77bd (webtiles) character file.

Game seed: 1327979989112006027

1115 Skyreaper23 the Magician (level 8, -1/43 HPs)
             Began as a Deep Elf Summoner on June 16, 2020.
             Was a Follower of Sif Muna.
             Slain by a fire crab (11 damage)
             ... created by the adversity of Qazlal
             ... while petrified by a basilisk
             ... on level 5 of the Dungeon.
             The game lasted 00:26:18 (5695 turns).

Skyreaper23 the Magician (Deep Elf Summoner)        Turns: 5695, Time: 00:26:18

Health: -1/43      AC:  7    Str:  5    XL:     8   Next: 12%
Magic:  21/21      EV:  2    Int: 23    God:    Sif Muna [*.....]
Gold:   243        SH:  0    Dex: 15    Spells: 8/22 levels left

rFire    x x .     SeeInvis +   s - +4 quarterstaff (chaos)
rCold    x x .     Gourm    .   (shield currently unavailable)
rNeg     + + +     Faith    .   A - +0 robe
rPois    ∞         Spirit   .   y - +2 hat
rElec    .         Reflect  .   t - +0 cloak
rCorr    .         Harm     .   x - +0 pair of gloves
MR       .....                  l - +0 pair of boots
Stlth    ++........             e - amulet of regeneration
HPRegen  0.54/turn              k - ring of see invisible
MPRegen  0.17/turn              v - ring of wizardry

@: petrified
A: [cold vulnerability 2], [heat vulnerability 2]
a: Channel Magic, Renounce Religion


You were on level 5 of the Dungeon.
You worshipped Sif Muna.
Sif Muna was aware of your devotion.
You were not hungry.

You visited 1 branch of the dungeon, and saw 5 of its levels.

You collected 243 gold pieces.

Inventory:

Hand Weapons
 d - a +2 dagger of venom
 s - a +4 quarterstaff of chaos (weapon)
 u - a +2 mace of holy wrath
Armour
 a - a +0 robe
 l - a +0 pair of boots (worn)
 n - a +0 cloak
 o - a +4 ring mail
 t - a +0 cloak (worn)
 x - a +0 pair of gloves (worn)
 y - a +2 hat (worn)
 z - a +0 robe
 A - a +0 robe (worn)
Jewellery
 e - an amulet of regeneration (around neck)
 k - a ring of see invisible (left hand)
 p - an uncursed amulet of regeneration
 v - a ring of wizardry (right hand)
Wands
 E - a wand of random effects (21)
Scrolls
 b - 8 scrolls of identify
 i - a scroll of enchant armour
 r - 2 scrolls of fog {unknown}
 w - 2 scrolls of remove curse
 D - a scroll of teleportation {unknown}
Potions
 f - 3 potions of invisibility {unknown}
 g - a potion of magic {unknown}
 h - a potion of stabbing {unknown}
 j - a potion of curing
 m - 3 potions of haste {unknown}
 q - 3 potions of flight {unknown}
 B - 2 potions of resistance {unknown}
Comestibles
 c - 13 rations
 C - 2 chunks of flesh


   Skills:
 + Level 1.0 Fighting
 - Level 1.1 Short Blades
 * Level 2.5 Staves
 + Level 0.2 Armour
 * Level 4.9 Dodging
 - Level 2.4 Stealth
 * Level 7.7 Spellcasting
 + Level 0.7 Hexes
 * Level 7.7 Summonings
 + Level 0.2 Air Magic


You had 8 spell levels left.
You knew the following spells:

 Your Spells              Type           Power        Failure   Level  Hunger
a - Summon Small Mammal   Summ           ####         1%          1    None
b - Call Canine Familiar  Summ           #####...     1%          3    None
c - Summon Guardian Gole  Hex/Summ       ####....     1%          3    None
d - Summon Lightning Spi  Summ/Air       ####....     6%          4    ###....
e - Vampiric Draining     Necr           #.........   9%          3    None

Your spell library contained the following spells:

 Spells                   Type           Power        Failure   Level  Hunger
 Call Imp                 Summ           #####...     1%          2    None
 Animate Skeleton         Necr           N/A          2%          1    None
 Apportation              Tloc           #.....       2%          1    None
 Corona                   Hex            ##.....      2%          1    None
 Pain                     Necr           #...         2%          1    None
 Summon Ice Beast         Ice/Summ       ####....     6%          4    ###....
 Animate Dead             Necr           N/A          26%         4    ###....
 Agony                    Necr           #.......     58%         5    #####..


Dungeon Overview and Level Annotations

Branches:
Dungeon (5/15)             Temple (0/1) D:5

Altars:
Dithmenos
Fedhas
Gozag
Qazlal
Ru
Sif Muna
Wu Jian

Shops:
D:2 *


Innate Abilities, Weirdness & Mutations

[You are very vulnerable to cold. (rC--)]
[You are very vulnerable to heat. (rF--)]


Message History

Qazlal incites the elements against you!
A basilisk and a fire crab come into view.
You hit the fire crab but do no damage.
Lightning courses through the fire crab!
The fire crab is moderately wounded.
You hit the fire crab but do no damage.
The fire crab is moderately wounded.
The basilisk bites you!
The fire crab bites you but does no damage.
The fire crab closely misses you. The basilisk gazes at you.
You are slowing down.
The fire crab barely misses you. The fire crab claws you!
You are engulfed in flames!
The fire burns you terribly! The basilisk gazes at you.
Your limbs have turned to stone.
You have turned to stone.
The fire crab bites you!
* * * LOW HITPOINT WARNING * * *
You are engulfed in flames!!
The fire burns you terribly!
You die...

##..##....##.## ##...... #..
##...##.# #......#
#..###.####.# ###.......
#.....)####.### ##.......#.
#.....)...).#.####<.......#.
######..........##..........
###..##)..#.....<#.....
##..##..#......#.....
###.t@.............##.
#...l.#.#.##...÷......
#.....####............
#..#...#.....#.......÷
####...#.....##.......
###......§..#........
###....##........###...
##.#....##.........####.
#..................##...


You could see a fire crab and a basilisk.

Vanquished Creatures
  2 phantoms (D:5)
  A crimson imp (D:5)
  2 hounds
  Crazy Yiuf (D:3)
  2 orc priests (D:5)
  An iguana (D:5)
  An orc wizard (D:4)
  3 adders
  A worm (D:4)
  2 dart slugs
  A leopard gecko (D:4)
  3 orcs
  3 bats
  3 giant cockroaches
  6 goblins
  2 hobgoblins
  3 jackals (D:4)
  5 kobolds
  3 quokkas
  2 ball pythons
  4 frilled lizards
  A jackal skeleton (D:5)
  2 rats (D:2)
54 creatures vanquished.

Vanquished Creatures (collateral kills)
  A two-headed ogre (D:5)
  An orc warrior (D:5)
  An ice beast (D:5)
  A phantom (D:5)
  2 ogres
  A scorpion (D:5)
  A jelly (D:5)
  A bullfrog skeleton (D:5)
  An orc priest (D:5)
  2 orc wizards (D:5)
  A worker ant (D:5)
  An adder (D:5)
  An adder skeleton (D:4)
  2 worms
  A leopard gecko (D:2)
  5 orcs
  9 goblins
  A hobgoblin (D:1)
  3 jackals
  3 bats
  2 frilled lizards
  5 kobolds
  A leopard gecko skeleton (D:3)
  8 rats
55 creatures vanquished.

Grand Total: 109 creatures vanquished

Notes
Turn   | Place    | Note
-------+----------+-------------------------------------------
     0 | D:1      | Skyreaper23 the Deep Elf Summoner began the quest for the
                  | Orb.
     0 | D:1      | Reached XP level 1. HP: 10/10 MP: 6/6
   646 | D:1      | Reached XP level 2. HP: 8/15 MP: 5/8
  1745 | D:2      | Found Gozag's Platinum Reserve.
  1745 | D:2      | Found an opulent altar of Gozag.
  1753 | D:2      | Found a blossoming altar of Fedhas.
  1799 | D:2      | Reached XP level 3. HP: 17/19 MP: 8/10
  1804 | D:2      | Learned a level 3 spell: Call Canine Familiar
  2085 | D:2      | Reached skill level 5 in Summonings
  2277 | D:2      | Found a faded altar of an unknown god.
  2282 | D:2      | Became a worshipper of Qazlal Stormbringer
  2282 | D:2      | Reached * piety under Qazlal
  2421 | D:3      | Learned a level 3 spell: Summon Guardian Golem
  2977 | D:3      | Reached XP level 4. HP: 11/24 MP: 12/12
  3041 | D:3      | Found a runed translucent door.
  3042 | D:3      | Noticed Crazy Yiuf
  3210 | D:3      | Killed Crazy Yiuf
  3210 | D:3      | Reached skill level 1 in Short Blades
  3533 | D:4      | Found a sacrificial altar of Ru.
  3636 | D:4      | Noticed an ogre
  3641 | D:4      | Killed an ogre
  3641 | D:4      | Reached skill level 5 in Spellcasting
  3641 | D:4      | Reached XP level 5. HP: 28/28 MP: 10/14
  3871 | D:4      | Reached skill level 1 in Staves
  4312 | D:4      | Found a shimmering blue altar of Sif Muna.
  4434 | D:4      | Fell from the grace of Qazlal
  4434 | D:4      | Became a worshipper of Sif Muna the Loreminder
  4795 | D:5      | Entered Level 5 of the Dungeon
  4815 | D:5      | Reached XP level 6. HP: 27/33 MP: 6/16
  4914 | D:5      | Learned a level 4 spell: Summon Lightning Spire
  4976 | D:5      | Noticed a two-headed ogre
  4996 | D:5      | Killed a two-headed ogre
  4996 | D:5      | Reached XP level 7. HP: 10/37 MP: 8/19
  5005 | D:5      | Reached skill level 1 in Fighting
  5048 | D:5      | Learned a level 3 spell: Vampiric Draining
  5256 | D:5      | Found a shadowy altar of Dithmenos.
  5343 | D:5      | Found an ornate altar of the Wu Jian Council.
  5343 | D:5      | Reached XP level 8. HP: 43/43 MP: 9/21
  5353 | D:5      | Reached * piety under Sif Muna
  5449 | D:5      | Found a staircase to the Ecumenical Temple.
  5691 | D:5      | Noticed a fire crab
  5695 | D:5      | Slain by a fire crab

Illustrated notes

Levels and vault maps discovered:
D:1:      kennysheep_arrival_forest, layout_basic
D:2:      layout_basic, nicolae_gozag_zags_fifth_avenue,
          chequers_ecumenical_altar_grove, fedhas_altar_2
D:3:      layout_loops_ring, uniq_crazy_yiuf_cottage
D:4:      layout_basic, overflow_temple_1_default, first_ration,
          nicolae_ru_sacrificial_ziggurat
D:5:      layout_cave_pools, grunt_dithmenos_shadows,
          nicolae_overflow_crystal_walls, minmay_temple_entry_purple_smoke

Skill      XL: |  1  2  3  4  5  6  7 |
---------------+----------------------+-----
Spellcasting   | 4 5 6 7 |  7.7
Summonings     | 5 6 7 |  7.7
Short Blades   | 1 |  1.1
Dodging        | 3 4 |  4.9
Staves         | 1 2 |  2.5
Fighting       | 1 |  1.0
Armour         | |  0.2
Stealth        | |  2.4
Hexes          | |  0.7
Air Magic      | |  0.2

Action                   |  1- 3 |  4- 6 |  7- 9 || total
-------------------------+-------+-------+-------++-------
Melee: Dagger            |    66 |    11 |       ||    77
       Quarterstaff      |       |    49 |    25 ||    74
 Cast: Summon Small Mamm |    46 |    19 |     9 ||    74
       Call Canine Famil |    10 |     9 |     2 ||    21
       Summon Guardian G |       |     4 |     3 ||     7
       Summon Lightning  |       |     1 |     6 ||     7
       Vampiric Draining |       |       |     2 ||     2
  Use: Scroll            |       |       |     2 ||     2
 Stab: Sleeping          |     9 |     1 |     1 ||    11
       Distracted        |       |     1 |     1 ||     2
  Eat: Chunk             |     6 |     2 |     2 ||    10
       Ration            |       |     2 |       ||     2
Armor: Robe              |    19 |    12 |    10 ||    41
       Ring mail         |     4 |       |       ||     4
Dodge: Dodged            |    66 |    56 |    17 ||   139
Block: Other             |     3 |     4 |       ||     7
